 Dungeon Crawl Stone Soup version 0.13-b1-23-g6bc71ad (webtiles) character file.

185 Kae the Chiller (level 4, -1/24 HPs)
             Began as a Deep Elf Ice Elementalist on Oct 2, 2013.
             Slain by a water moccasin skeleton (5 damage)
             ... on Level 3 of the Dungeon.
             The game lasted 00:03:51 (2110 turns).

Kae the Chiller (Deep Elf Ice Elementalist)         Turns: 2110, Time: 00:03:52

HP  -1/24        AC  4     Str  5      XL: 4   Next: 17%
MP  11/13        EV 13     Int 21      God:
Gold 106         SH  0     Dex 15      Spells:  2 memorised,  6 levels left

Res.Fire  : . . .   See Invis. : .   g - +1 dagger (venom)
Res.Cold  : . . .   Warding    : .   a - +0 elf robe
Life Prot.: . . .   Conserve   : .   (no shield)
Res.Poison: .       Res.Corr.  : .   (no helmet)
Res.Elec. : .       Clarity    : .   k - +1 cloak
Sust.Abil.: . .     Spirit.Shd : .   (no gloves)
Res.Mut.  : .       Stasis     : .   (no boots)
Res.Rott. : .       Flight     : .   (no amulet)
Saprovore : . . .                    (no ring)
                                     w - ring of sustenance

@: mildly poisoned, slightly resistant to hostile enchantments, fairly stealthy
A: no striking features
a: no special abilities


You were on level 3 of the Dungeon.
You were hungry.

You visited 1 branch of the dungeon, and saw 3 of its levels.

You collected 86 gold pieces.

Inventory:

Hand weapons
 g - a +1,+1 dagger of venom (weapon)
Missiles
 p - 4 darts (quivered)
Armour
 a - a +0 elven robe (worn)
 k - a +1 cloak (worn)
Comestibles
 c - 2 bread rations
 l - a meat ration
 r - an apple
 x - 2 rotting chunks of hobgoblin flesh
 z - 2 chunks of jackal flesh
Scrolls
 e - a scroll of remove curse
Jewellery
 w - a ring of sustenance (left hand)
Potions
 j - 2 potions of curing
 m - a potion of mutation {unknown}
 o - a potion of heal wounds {unknown}
 t - a potion of restore abilities {unknown}
 u - a potion of beneficial mutation {unknown}
Books
 b - a book of Frost

   Spells                             Type                      Level
   *Freeze                            Ice                          1
   *Throw Frost                       Conjuration/Ice              2
   Ozocubu's Armour                   Charms/Ice                   3
   Throw Icicle                       Conjuration/Ice              4
   Summon Ice Beast                   Ice/Summoning                4
   Condensation Shield                Ice                          4


   Skills:
 - Level 2.4 Dodging
 - Level 2.4 Stealth
 + Level 3.1 Spellcasting
 * Level 2.9 Conjurations
 + Level 4.1 Ice Magic


You had 6 spell levels left.
You knew the following spells:

 Your Spells              Type           Power        Failure   Level  Hunger
a - Freeze                Ice            ###.         2%          1    None
b - Throw Frost           Conj/Ice       ###...       6%          2    ##.....


Dungeon Overview and Level Annotations

Branches:
Dungeon (3/27)

Altars:


Message History

You freeze the giant gecko.
The giant gecko seems to slow down.
The giant gecko is severely wounded.
* * * LOW HITPOINT WARNING * * *
You feel sick.
The water moccasin skeleton bites you but does no damage.
Casting: Freeze
Confirm with . or Enter, or press ? or * to list all spells.
Aiming: Freeze
Press: ? - help, Shift-Dir - straight line, f/p - giant gecko
Aim: a giant gecko (severely wounded, moving slowly)
You freeze the giant gecko.
You kill the giant gecko!
* * * LOW HITPOINT WARNING * * *
You feel sick.
The water moccasin skeleton closely misses you.
A giant newt comes into view.
You hit the water moccasin skeleton.
* * * LOW HITPOINT WARNING * * *
You feel sick. The water moccasin skeleton bites you.
You die...

.........##...#...####.#...
........##...# ...#..#
........##...#.... .....>.
#####.............# ...##.#
.........######...# #.#
...................
............####...
..........%.####...
#####+##..@.......#
#.#z..#..... #.#...# . .
#.#...# #.#.### #.#.# #....
....l .###


You could see a giant newt and a water moccasin skeleton.

Vanquished Creatures
  Terence (D:2)
  2 adders
  A giant gecko (D:3)
  5 goblins
  6 hobgoblins
  3 jackals (D:3)
  A ball python (D:1)
  9 bats
  4 giant cockroaches
  A giant newt (D:2)
  7 kobolds
  A quokka (D:2)
  6 rats (D:1)
47 creatures vanquished.

Notes
Turn   | Place    | Note
--------------------------------------------------------------
     0 | D:1      | Kae, the Deep Elf Ice Elementalist, began the quest for the Orb.
     0 | D:1      | Reached XP level 1. HP: 10/10 MP: 4/4
   397 | D:1      | Reached XP level 2. HP: 12/15 MP: 3/6
   447 | D:1      | Learned a level 2 spell: Throw Frost
  1240 | D:2      | Reached XP level 3. HP: 15/19 MP: 6/9
  1426 | D:2      | Noticed Terence
  1442 | D:2      | Killed Terence
  1442 | D:2      | Reached skill level 4 in Ice Magic
  1973 | D:3      | Reached XP level 4. HP: 20/24 MP: 1/13
  2110 | D:3      | Slain by a water moccasin skeleton

Action                   |  1- 3 |  4- 6 || total
-------------------------+-------+-------++-------
Melee: Unarmed           |    33 |       ||    33
       Dagger            |    28 |     9 ||    37
 Cast: Freeze            |    60 |     5 ||    65
       Throw Frost       |     1 |       ||     1
  Use: Scroll            |       |    10 ||    10
 Stab: Sleeping          |     4 |       ||     4
